 Dungeon Crawl Stone Soup version 0.27-a0-1149-g4505690ab0 (console) character file.

Game seed: 12750231965679160959

242821 jejorda2 the Impaler (level 19, 0/155 HPs)
             Began as a Merfolk Berserker on May 12, 2021.
             Was the Champion of Trog.
             Slain by a guardian serpent (12 damage)
             ... on level 4 of the Snake Pit on May 13, 2021.
             The game lasted 01:54:54 (41375 turns).

jejorda2 the Impaler (Merfolk Berserker)           Turns: 41375, Time: 01:54:56

Health: 0/155      AC: 40    Str: 25    XL:     19   Next: 85%
Magic:  19/19      EV: 10    Int:  7    God:    Trog [******]
Gold:   4414       SH:  0    Dex: 13    Spells: 18/18 levels left

rFire    + . .     SeeInvis .   a - +8 glaive {elec, spectral, AC+5}
rCold    + . .     Faith    +   (shield currently unavailable)
rNeg     . . .     Spirit   .   t - +0 crystal plate armour
rPois    +         Reflect  .   E - +0 helmet
rElec    .         Harm     .   G - +2 cloak {rF+}
rCorr    .         Rampage  .   O - +2 pair of gloves "Wovipn" {Will+}
Will     ++++.                  c - +0 pair of boots
Stlth    ..........             z - amulet of faith
HPRegen  1.35/turn              U - ring of protection from cold
MPRegen  0.16/turn              o - ring of poison resistance

@: weakened, strong-willed, regenerating, hasted, very quick
A: (nimble swimmer 2), mertail
}: 1/15 runes: decaying
a: Renounce Religion, Berserk, Trog's Hand, Brothers in Arms


You were on level 4 of the Snake Pit.
You worshipped Trog.
Trog was exalted by your worship.
You visited 5 branches of the dungeon, and saw 31 of its levels.
You also visited: Bailey, Ice Cave and Volcano.

You collected 4596 gold pieces.
You spent 182 gold pieces at shops.

Inventory:

Hand Weapons
 a - the +8 glaive of the Guard (weapon) {elec, spectral, AC+5}
   (Trog gifted it to you on level 14 of the Dungeon)

   Occasionally, upon striking a foe, it can discharge electrical energy and
   cause terrible harm.
   When it strikes, its spirit leaps out and fights alongside the wielder.
   It affects your AC (+5).
 b - a +4 glaive of flaming
 w - the +6 trident of Calculation {vorpal, *Slow rPois rN+ SInv}
   (Trog gifted it to you on level 3 of the Lair of Beasts)

   It inflicts extra damage upon your enemies.
   It protects you from poison.
   It protects you from negative energy.
   It lets you see invisible.
   It may slow you when you take damage.
 W - a +2 antimagic glaive
Missiles
 j - 6 throwing nets
 n - 17 atropa-tipped darts
 q - 27 boomerangs (quivered)
 u - 38 poisoned darts
 X - 2 javelins
Armour
 c - a +0 pair of boots (worn)
 t - a +0 crystal plate armour (worn)
 E - a +0 helmet (worn)
 G - a +2 cloak of fire resistance (worn)
 O - the +2 pair of gloves "Wovipn" (worn) {Will+}
   (You found it on level 4 of the Lair of Beasts)

   It increases your willpower.
Jewellery
 o - a ring of poison resistance (right hand)
 z - an amulet of faith (around neck)
 C - a ring of protection from cold
 K - a ring of flight
 R - a ring of resist corrosion
 U - a ring of protection from cold (left hand)
 Y - a +6 ring of strength
Wands
 g - a wand of flame (50)
 l - a wand of polymorph (38)
 p - a wand of acid (17)
 r - a wand of paralysis (23)
 y - a wand of mindburst (29)
 B - a wand of digging (3)
 M - a wand of iceblast (21)
Scrolls
 i - a scroll of enchant armour
 v - 5 scrolls of fear
 F - 10 scrolls of teleportation
 H - a scroll of magic mapping
 N - 6 scrolls of fog
 V - a scroll of silence
Potions
 d - 3 potions of ambrosia
 e - 4 potions of heal wounds
 f - 4 potions of mutation
 h - 3 potions of cancellation
 k - 5 potions of invisibility
 m - 7 potions of lignification
 s - 5 potions of curing
 x - 5 potions of resistance
 A - 2 potions of flight
 D - 6 potions of attraction
 I - 3 potions of berserk rage
 J - 6 potions of haste
 L - 3 potions of magic
 P - 6 potions of might
Miscellaneous
 Q - a lightning rod (1/4)
 S - a phial of floods (inert)


   Skills:
 + Level 15.2 Fighting
 - Level 20.0 Polearms
 - Level 12.0 Throwing
 * Level 16.7 Armour
 + Level 14.2 Dodging
 - Level 10.0 Evocations


You had 18 spell levels left.
You didn't know any spells.
Your spell library contained the following spells:

 Spells                   Type           Power      Damage    Failure   Level
 Summon Forest            Summ/Tloc      0%         N/A       100%        5
 Summon Mana Viper        Hex/Summ       0%         N/A       100%        5
 Shadow Creatures         Summ           N/A        N/A       100%        6
 Summon Hydra             Summ           0%         N/A       100%        7


Dungeon Overview and Level Annotations

Branches:
Dungeon (15/15)            Temple (0/1) D:4            Lair (6/6) D:10
  Swamp (4/4) Lair:4        Snake (4/4) Lair:3        Slime (0/5) Lair:6
    Orc (2/2) D:11            Elf (0/3) Orc:2        Vaults (0/5) D:14
 Depths (0/5) D:15         Bailey (visited)           IceCv (visited)
Volcano (visited)

Altars:
Ashenzari
Cheibriados
Fedhas
Makhleb
Qazlal
Sif Muna
Trog
Xom
Zin
Beogh

Shops:
D:7 (   Orc:1 [   Orc:2 :=!?(

Annotations:
D:5 3 runed translucent doors, exclusion: 3 doors, Dordric's ghost, novice DjTm
D:6 3 runed translucent doors, robertstho's ghost, novice OpBe
Snake:4 1 runed translucent door, ardl's ghost, adept HOMo


Innate Abilities, Weirdness & Mutations

((You are quick and stealthy near water. (Stealth+, EV+, Speed+++)))
Your lower body shifts to a powerful aquatic tail in water.


Message History

* * * LOW HITPOINT WARNING * * *
The guardian serpent hits you but does no damage.
You hear a shout!
The guardian serpent coils itself and waves its upper body at you.
The salamander blinks! x4
You slash the salamander!
The salamander is moderately wounded.
The guardian serpent hits you but does no damage.
The salamander unwields a +0 shortbow of flaming.
It stops flaming.
The salamander hits you but does no damage. x3
You slice the salamander!!
The salamander is severely wounded.
The salamander hits you but does no damage.
Your troll rages.
The guardian serpent completely misses you.
You barely miss the salamander.
The salamander is severely wounded.
The salamander hits you but does no damage. x2
The salamander barely misses you.
Your troll bites the salamander.
Your troll's attack snaps the salamander out of its fear.
Your troll claws the salamander.
Your troll barely misses the salamander.
You slice the salamander!!
Lightning courses through the salamander!
You kill the salamander!
Trog accepts your kill. The guardian serpent hits you!
* * * LOW HITPOINT WARNING * * *
The salamander hits you but does no damage. x2
Your troll bites the salamander!
Your troll claws the salamander! x2
The salamander hits you but does no damage.
The salamander completely misses your troll.
You see here a +3 glaive.
The guardian serpent seems to regain its courage.
The guardian serpent coils itself and waves its upper body at you.
The guardian serpent blinks! x2; The salamander blinks!
The guardian serpent hits you but does no damage.
The guardian serpent hits you!
You die...

#..).###. .####.#.# #
#...###.###.##....##
###.))###.....##.....##
.......#.......#......##
......[[§§≈≈≈§§'..§..≈≈#
.......[§§≈§≈≈.#.....≈≈#
.......÷§§≈≈≈≈.'.....≈≈#
.......#..)....#SS....##.≈≈≈≈NN.≈
......###.....##@N...##§.§§§§§≈§§
......###.###.##NN.S##N≈.§NN≈≈NN#
........##...####§#.#≈§§§S.§≈§§S#
.........#####.##T§.##§§§§SNNN.N#
...............#.#.#.# ≈§§.≈§N.#
...............##.).## #≈NN≈#
...............##.))### #..N#
................##..S.## #.N##
.[.............).##..NS###..#


You could see 3 salamanders, 4 guardian serpents and a friendly troll (summoned,
berserk).

Vanquished Creatures
  Bai Suzhen (Snake:4)
  the Lernaean hydra (Swamp:4)
  Nikola (Snake:3)
  Rupert (Orc:2)
  Frances (Snake:2)
  2 thorn hunters
  3 nagarajas (Snake:4)
  An orc warlord (Orc:1)
  A very ugly thing (Swamp:4)
  2 bunyips
  2 green deaths (Swamp:4)
  2 blizzard demons (IceCv)
  6 eleionomae
  An ettin (Orc:2)
  The ghost of omniraptor the Grappler, a journeyman DrTm of Gozag (Lair:3)
  Josephine (Orc:1)
  A fire dragon (D:15)
  2 great orbs of eyes
  19 hydras
  4 ghost crabs
  A vault guard (D:14)
  A hell beast (Swamp:4)
  3 ogre magi
  An ice dragon (D:15)
  2 salamander tyrants (Snake:4)
  A spriggan air mage (Swamp:3)
  18 naga warriors
  2 catoblepae
  6 boulder beetles
  5 alligators
  A merfolk avatar (Lair:6)
  A death knight (D:14)
  13 anacondas
  6 centaur warriors
  10 death yaks
  15 two-headed ogres
  5 tengu warriors
  An orc high priest (Orc:1)
  8 naga sharpshooters
  Nergalle (D:11)
  6 spriggans
  8 shock serpents
  2 thrashing horrors (Swamp:4)
  6 salamander mystics
  3 spriggan druids
  3 goliath frogs
  A sea snake (Lair:6)
  2 deep trolls (Orc:2)
  7 swamp dragons
  5 bog bodies (Swamp:4)
  5 naga ritualists
  A wizard (D:14)
  3 orc knights
  4 deep elf pyromancers
  3 necromancers (D:14)
  A harpy (Lair:6)
  6 mana vipers
  6 orc sorcerers
  5 cyclopes
  15 salamanders
  11 manticores
  2 salamanders (shapeshifter) (D:14)
  16 ugly things
  2 will-o-the-wisps (Swamp:2)
  24 elephants
  2 ice statues
  6 guardian serpents
  2 torpor snails
  33 black mambas
  A guardian serpent (shapeshifter) (D:14)
  An orange demon (Swamp:4)
  6 gargoyles
  16 naga magi
  11 cane toads
  A kobold demonologist (D:12)
  5 rime drakes
  An unseen horror (D:12)
  2 demonic crawlers (Lair:6)
  5 freezing wraiths
  7 komodo dragons
  5 efreet
  A yaktaur (D:14)
  3 tengu conjurers
  An anaconda simulacrum (IceCv)
  6 ice devils (IceCv)
  A meliai (shapeshifter) (D:14)
  12 trolls
  Grinder (D:5)
  9 hornets
  13 polar bears
  2 bloated husks
  A large abomination (Swamp:4)
  5 tyrant leeches
  A wind drake (Lair:6)
  12 dream sheep
  A meliai zombie (D:10)
  8 blink frogs (Lair:1)
  20 slime creatures
  2 dire elephant simulacra (IceCv)
  2 vampires
  58 yaks
  8 wraiths
  6 shadows
  2 wyverns
  9 basilisks
  18 humans (D:14)
  A golden eye (shapeshifter) (D:14)
  A fire elemental (Volcano)
  2 iron troll simulacra (IceCv)
  8 vampire mosquitoes
  17 swamp worms
  4 wargs
  57 nagas
  2 acid dragons
  3 harpy simulacra (IceCv)
  5 hydra simulacra (IceCv)
  23 water moccasins
  A swamp drake (Swamp:2)
  26 orc warriors
  2 ettin simulacra (IceCv)
  4 ice beasts
  A sky beast (D:6)
  7 black bears
  11 centaurs
  15 wolves
  An ogre (shapeshifter) (D:14)
  2 necrophages
  26 ogres
  A phantom (D:6)
  8 gnoll sergeants (Bailey)
  7 bullfrogs
  A scorpion (D:5)
  A hornet simulacrum (D:15)
  An electric eel (Lair:3)
  3 wights (D:10)
  12 howler monkeys
  A bullfrog zombie (D:6)
  A draconian simulacrum (IceCv)
  2 centaur zombies (D:9)
  7 hounds
  2 jellies (D:6)
  6 gnoll shamans (Bailey)
  24 orc priests
  2 bullfrog skeletons (D:6)
  4 iguanas
  24 orc wizards
  2 troll simulacra (IceCv)
  3 wolf simulacra (IceCv)
  A killer bee zombie (D:7)
  4 centaur simulacra (IceCv)
  21 gnolls
  A howler monkey skeleton (D:7)
  2 adders
  3 ogre simulacra (IceCv)
  A shadow imp (D:5)
  5 white imps (IceCv)
  7 ufetubi
  A worm (D:10)
  A dart slug (D:1)
  112 orcs
  8 ball pythons
  2 bats (D:1)
  9 endoplasms
  4 giant cockroaches
  8 goblins
  8 hobgoblins
  9 jackals
  A quokka (D:1)
  2 frilled lizards
  4 kobolds
  4 rats
  3 briar patches
1159 creatures vanquished.

Vanquished Creatures (collateral kills)
  A vault guard (D:14)
  A bog body (Swamp:4)
  An orc knight (Orc:2)
  A slime creature (Swamp:4)
  2 cane toads (Lair:4)
  4 trolls (Orc:2)
  2 wyverns (D:10)
  A human (D:14)
  A warg (Orc:2)
  An orc warrior (Orc:2)
  A black bear (D:10)
  2 ogres (Orc:2)
  2 orc priests (Orc:2)
  2 orc wizards (Orc:2)
  7 orcs (Orc:2)
29 creatures vanquished.

Vanquished Creatures (others)
  A boulder beetle (D:14)
  A catoblepas (D:14)
  A deep elf pyromancer (D:14)
  A manticore (D:14)
  A polar bear (shapeshifter) (D:14)
  An acid dragon (D:14)
  A wolf simulacrum (IceCv)
  2 orcs (Orc:2)
  4 bushes
  14 foxfires (Swamp:2)
  52 fungi
  83 plants
162 creatures vanquished.

Grand Total: 1350 creatures vanquished

Notes
Turn   | Place    | Note
-------+----------+-------------------------------------------
     0 | D:1      | jejorda2 the Merfolk Berserker began the quest for the Orb.
     0 | D:1      | Reached XP level 1. HP: 18/18 MP: 1/1
    47 | D:1      | Reached XP level 2. HP: 23/24 MP: 2/2
   113 | D:1      | Reached skill level 5 in Polearms
   361 | D:1      | Reached XP level 3. HP: 21/29 MP: 3/3
   643 | D:1      | Found a faded altar of an unknown god.
  1161 | D:2      | Reached ** piety under Trog
  2222 | D:3      | Reached XP level 4. HP: 37/37 MP: 4/4
  2300 | D:3      | Reached skill level 6 in Polearms
  2407 | D:3      | Noticed an orc warrior
  2424 | D:3      | Reached XP level 5. HP: 42/42 MP: 5/5
  2427 | D:3      | Killed an orc warrior
  2428 | D:3      | Reached skill level 7 in Polearms
  2428 | D:3      | Reached XP level 6. HP: 49/49 MP: 6/6
  2469 | D:3      | Found a blossoming altar of Fedhas.
  2897 | D:4      | Noticed a yak
  2901 | D:4      | Noticed a yak
  2918 | D:4      | Killed a yak
  2919 | D:4      | Reached skill level 5 in Fighting
  2919 | D:4      | Reached skill level 8 in Polearms
  2919 | D:4      | Reached XP level 7. HP: 56/56 MP: 7/7
  2961 | D:4      | Noticed a yak
  2971 | D:4      | Noticed a yak
  2972 | D:4      | Noticed a yak
  2979 | D:4      | Noticed a yak
  2980 | D:4      | Killed a yak
  2981 | D:4      | Reached skill level 9 in Polearms
  2985 | D:4      | Killed a yak
  2993 | D:4      | Killed a yak
  2994 | D:4      | Reached XP level 8. HP: 35/64 MP: 8/8
  2997 | D:4      | HP: 2/64 [yak (5)]
  3002 | D:4      | Killed a yak
  3003 | D:4      | Reached skill level 10 in Polearms
  3011 | D:4      | Killed a yak
  3148 | D:4      | Found a staircase to the Ecumenical Temple.
  3550 | D:5      | Entered Level 5 of the Dungeon
  3602 | D:5      | Reached skill level 11 in Polearms
  3732 | D:5      | Found a runed translucent gate.
  3732 | D:5      | Found a runed translucent gate.
  3732 | D:5      | Found a runed translucent gate.
  3733 | D:5      | Noticed Dordric's ghost (novice DjTm)
  3739 | D:5      | Reached *** piety under Trog
  4044 | D:5      | Reached skill level 12 in Polearms
  4046 | D:5      | Reached XP level 9. HP: 69/69 MP: 9/9
  4123 | D:5      | Noticed Grinder
  4123 | D:5      | Paralysed by Grinder for 7 turns
  4139 | D:5      | Killed Grinder
  4355 | D:5      | Reached skill level 13 in Polearms
  4355 | D:5      | Reached skill level 5 in Armour
  5007 | D:6      | Reached skill level 14 in Polearms
  5009 | D:6      | Found a runed translucent gate.
  5009 | D:6      | Found a runed translucent gate.
  5009 | D:6      | Found a runed translucent gate.
  5011 | D:6      | Noticed robertstho's ghost (novice OpBe)
  5437 | D:7      | Reached XP level 10. HP: 62/76 MP: 10/10
  5440 | D:7      | Reached **** piety under Trog
  5539 | D:7      | Found a broken altar of Ashenzari.
  5729 | D:7      | Reached skill level 15 in Polearms
  6031 | D:7      | Found a large runed translucent door.
  6041 | D:7      | Found a large runed translucent door.
  6061 | D:7      | Found a bloodstained altar of Trog.
  6068 | D:7      | Found a burning altar of Makhleb.
  6250 | D:7      | Found Xeynt's Antique Weapon Shoppe.
  6253 | D:7      | Bought a glaive for 182 gold pieces
  6272 | D:7      | Found a glowing silver altar of Zin.
  6471 | D:8      | Found a flagged portal.
  6502 | Bailey   | Entered a bailey
  6670 | Bailey   | Reached skill level 16 in Polearms
  6908 | Bailey   | Reached skill level 1 in Evocations
  7008 | Bailey   | Reached skill level 1 in Throwing
  8055 | D:9      | Reached skill level 17 in Polearms
  8101 | D:9      | Reached ***** piety under Trog
  8220 | D:9      | Reached XP level 11. HP: 81/81 MP: 11/11
  8284 | D:9      | Noticed a death yak
  8357 | D:9      | Killed a death yak
  8359 | D:9      | Reached skill level 18 in Polearms
  8519 | D:9      | Reached skill level 5 in Evocations
  9107 | D:10     | Entered Level 10 of the Dungeon
  9107 | D:10     | Noticed a two-headed ogre
  9115 | D:10     | Killed a two-headed ogre
  9468 | D:10     | Found a huge runed translucent gate.
  9470 | D:10     | Found a huge runed translucent gate.
  9470 | D:10     | Found a huge runed translucent gate.
  9470 | D:10     | Found a huge runed translucent gate.
  9493 | D:10     | Reached skill level 19 in Polearms
  9532 | D:10     | Reached XP level 12. HP: 88/88 MP: 12/12
  9727 | D:10     | Reached skill level 20 in Polearms
 10080 | D:10     | Received a gift from Trog
 10216 | D:10     | Found a staircase to the Lair.
 10591 | D:10     | Identified the +9 war axe "Lifebane" {vorpal, Will+ rCorr}
 10811 | D:10     | Found a snail-covered altar of Cheibriados.
 11399 | D:11     | Reached skill level 5 in Dodging
 11621 | D:11     | Found a staircase to the Orcish Mines.
 12110 | D:11     | Noticed Nergalle
 12120 | D:11     | Killed Nergalle
 12385 | D:11     | Noticed a two-headed ogre
 12394 | D:11     | Killed a two-headed ogre
 12669 | Lair:1   | Entered Level 1 of the Lair of Beasts
 12872 | Lair:1   | Found a dark tunnel.
 12882 | Volcano  | Entered a volcano
 13186 | Volcano  | Reached XP level 13. HP: 84/98 MP: 13/13
 15477 | Lair:3   | Identified the +6 trident of Calculation {vorpal, *Slow
                  | rPois rN+ SInv} (Trog gifted it to you on level 3 of the
                  | Lair of Beasts)
 15477 | Lair:3   | Received a gift from Trog
 15888 | Lair:3   | Found a stormy altar of Qazlal.
 16292 | Lair:3   | Found a staircase to the Snake Pit.
 16345 | Lair:3   | Found a runed translucent door.
 16345 | Lair:3   | Noticed omniraptor's ghost (journeyman DrTm)
 16371 | Lair:3   | Killed omniraptor's ghost
 17098 | Lair:4   | Reached skill level 10 in Armour
 17199 | Lair:4   | Reached skill level 10 in Fighting
 17287 | Lair:4   | Identified the +1 leather armour of the Valley {Stlth+}
 17336 | Lair:4   | Found a transporter.
 17365 | Lair:4   | Found a transporter.
 17429 | Lair:4   | Identified the +2 pair of gloves "Wovipn" {Will+}
 17747 | Lair:4   | Found a staircase to the Swamp.
 17987 | Lair:4   | Reached XP level 14. HP: 68/110 MP: 14/14
 19544 | Lair:6   | Entered Level 6 of the Lair of Beasts
 20398 | Lair:6   | Reached ****** piety under Trog
 20846 | Lair:6   | Reached skill level 5 in Throwing
 20958 | Lair:6   | Reached XP level 15. HP: 117/120 MP: 15/15
 21349 | Lair:6   | Found a staircase to the Slime Pits.
 21453 | Lair:6   | Received a gift from Trog
 23412 | D:13     | You fall into a shaft and drop 1 floor!
 23639 | D:14     | Received a gift from Trog
 23837 | D:14     | Found a shimmering altar of Xom.
 24558 | D:14     | Found a gate to the Vaults.
 24916 | D:14     | Received a gift from Trog
 24917 | D:14     | Found the +8 glaive of the Guard {elec, spectral, AC+5}
 25249 | D:14     | Reached XP level 16. HP: 102/127 MP: 16/16
 25338 | D:14     | Identified the +1 scale mail of Wu Jian {rF- Str+3 Stlth+}
 25709 | D:14     | Reached skill level 10 in Throwing
 25812 | D:14     | Identified the +8 rapier "Usmuazohol" {flame, rF+ rC+
                  | Str+6}
 25923 | D:15     | Entered Level 15 of the Dungeon
 25959 | D:15     | Received a gift from Trog
 26555 | D:15     | Found a staircase to the Depths.
 27213 | D:15     | Identified the ring "Loz Itesm" {*Corrode rC+ rN+ Slay+4}
 27360 | Orc:1    | Entered Level 1 of the Orcish Mines
 27360 | Orc:1    | Found Quuborph's Antique Armour Emporium.
 27524 | Orc:1    | Received a gift from Trog
 27808 | Orc:2    | Entered Level 2 of the Orcish Mines
 27808 | Orc:2    | Found a staircase to the Elven Halls.
 27808 | Orc:2    | Noticed Rupert
 27817 | Orc:2    | Found Lakokhun's Book Shop.
 27818 | Orc:2    | Killed Rupert
 28074 | Orc:2    | Received a gift from Trog
 28077 | Orc:2    | Reached XP level 17. HP: 121/133 MP: 17/17
 28333 | Orc:2    | Found Inedeyre's Magic Scroll Shoppe.
 28336 | Orc:2    | Found Atyuck's Antique Weapon Shop.
 28353 | Orc:2    | Found Hiqog's Distillery.
 28413 | Orc:2    | Found Uddej's Jewellery Shop.
 28418 | Orc:2    | Reached skill level 10 in Evocations
 29117 | Orc:1    | Noticed Josephine
 29128 | Orc:1    | Killed Josephine
 29128 | Orc:1    | Received a gift from Trog
 29586 | Swamp:1  | Entered Level 1 of the Swamp
 30489 | Swamp:2  | Found a shimmering blue altar of Sif Muna.
 31372 | Swamp:3  | Received a gift from Trog
 31785 | Swamp:4  | Entered Level 4 of the Swamp
 31818 | Swamp:4  | Reached skill level 10 in Dodging
 32486 | Swamp:4  | Reached XP level 18. HP: 104/143 MP: 18/18
 32642 | Swamp:4  | Reached skill level 15 in Armour
 32869 | Swamp:4  | Received a gift from Trog
 32915 | Swamp:4  | Noticed the 27-headed Lernaean hydra
 32927 | Swamp:4  | Killed the 25-headed Lernaean hydra
 33152 | Swamp:4  | Got a decaying rune of Zot
 33347 | Snake:1  | Entered Level 1 of the Snake Pit
 33427 | Snake:1  | Found a frozen archway.
 33438 | IceCv    | Entered an ice cave
 33934 | IceCv    | Received a gift from Trog
 34185 | Snake:1  | Identified a scroll of acquirement
 34185 | Snake:1  | Acquired 817 gold pieces
 35405 | Snake:1  | You fall into a shaft and drop 1 floor!
 35411 | Snake:2  | Received a gift from Trog
 35898 | Snake:2  | Noticed Frances
 35939 | Snake:2  | Killed Frances
 37505 | Snake:3  | Reached XP level 19. HP: 102/152 MP: 19/19
 37969 | Snake:3  | Received a gift from Trog
 38193 | Snake:3  | Noticed Nikola
 38202 | Snake:3  | Killed Nikola
 38448 | Snake:4  | Entered Level 4 of the Snake Pit
 38543 | Snake:4  | Found a runed translucent door.
 38543 | Snake:4  | Found a shimmering altar of Xom.
 38543 | Snake:4  | Noticed ardl's ghost (adept HOMo)
 38543 | Snake:4  | Identified the +5 bardiche "Saisael" {chaos, +Blink Str+9
                  | Int-5}
 39348 | Snake:4  | Noticed Bai Suzhen
 39365 | Snake:4  | Killed Bai Suzhen
 39536 | Snake:4  | Received a gift from Trog
 40518 | Snake:4  | Reached skill level 15 in Fighting
 41089 | Snake:4  | Received a gift from Trog
 41375 | Snake:4  | Slain by a guardian serpent

Illustrated notes

Levels and vault maps discovered:
D:1:      sevenhm_arrival_forest_fort_small_6, layout_rooms,
          shapermc_ecumenical_altar_flowoftime, serial_bayou,
          serial_bayou_pond_b, serial_bayou_lake_a, serial_bayou_pond_e,
          serial_bayou_shore_b, item_on_display_b
D:2:      layout_basic
D:3:      layout_loops_corners, lemuel_coloured_pillars_altar,
          solitary_fountain, serial_bayou_crossing
D:4:      layout_rooms, minmay_temple_entry_stoned_glass
D:5:      layout_basic, gammafunk_ghost_nasty_kobolds, uniq_grinder
D:6:      layout_rooms, gammafunk_ghost_necromancy
D:7:      layout_cave_pools, ashenzari_altar_1, jmf_multi_god_temple2,
          general_overflow_altar, serial_shops, kennysheep_mini
D:8:      layout_rooms, enter_bailey_4, amcnicky_mini_corridor_feature,
          corner_web_ring
D:9:      argonaut_augean_stables, layout_irregular_city,
          kennysheep_generic_room_11
D:10:     lemuel_bear_cage, layout_loops_ring, slow_altar_2,
          erik_lair_orcish_takeover, minmay_orc_keep
D:11:     layout_gridville, david_orc_5, hangedman_decor_diamond_cutter,
          uniq_nergalle
D:12:     layout_long_grid, kennysheep_flooded_box
D:13:     layout_big_octagon
D:14:     minmay_the_grid_3x3 [minmay_the_grid_minigrid_medium,
          minmay_the_grid_minigrid_small_alt, minmay_the_grid_expand,
          minmay_the_grid_spikes, minmay_the_grid_plusring,
          minmay_the_grid_holed_spiral, minmay_the_grid_outer_diamond,
          minmay_the_grid_slots, minmay_the_grid_prize_four_corners_diamond_a],
          layout_loops_ring, grunt_vaults_entry_tiered, minmay_hedge_maze,
          minmay_misc_feat_five, xom_confusion_cloud
D:15:     grunt_enter_depths_hoard, layout_long_grid, nicolae_sextant
Lair:1:   layout_regular_city, lightli_volcano_entry_magma_tube,
          grunt_megastairs_3, lemuel_fruit_fields, lemuel_fruit_tree
Lair:2:   layout_chaotic_city
Lair:3:   beast_lair_carwin_large_3, layout_regular_city,
          minmay_snake_entry_guardpost_small, basic_altar,
          gammafunk_ghost_grave, grunt_megastairs_2, infiniplex_staircase_pool
Lair:4:   gammafunk_cloud_chamber, layout_cellular_growth,
          minmay_swamp_entry_worms
Lair:5:   layout_concentric_octagons, eino_small_chamber_without_monster,
          beast_lair_carwin_2, lemuel_fruit_fields, lemuel_fruit_fields
Lair:6:   gammafunk_lair_ancient_temple, layout_gridlike, slime_dummy,
          worms_lemuel
Swamp:1:  layout_basic_swamp, evilmike_swamp_ruin_wall, swamp_pool3
Swamp:2:  layout_basic_swamp, lemuel_altar_in_water
Swamp:3:  layout_basic_swamp, hangedman_swamp_diagram
Swamp:4:  swamp_vile, layout_basic_swamp
Snake:1:  layout_chambers, portal_ice_cave_entry_ice_statue_one, st_stairs_12,
          grunt_megastairs_4
Snake:2:  layout_layer_cave, grunt_megastairs_1, uniq_frances
Snake:3:  layout_cave_shapes, grunt_ministairs_9, nicolae_large_snake_swirl,
          uniq_nikola
Snake:4:  grunt_snake_rune_pools, layout_layer_cave, ebering_ghost_xom,
          uniq_bai_suzhen
Orc:1:    layout_caves, serial_shops,
          nicolae_shop_temple_entry_statues_fountains, uniq_josephine
Orc:2:    st_orc_open, layout_caves, serial_shops, shop, uniq_rupert

Skill      XL: |  1  2  3  4  5  6  7  8  9 10 11 12 13 14 15 16 17 18 19 |
---------------+----------------------------------------------------------+-----
Polearms       | 5 6 7 8 9 12 14 17 19 20 | 20.0
Armour         | 2 3 4 5 6 8 10 12 13 14 15 16 | 16.7
Fighting       | 4 5 6 8 10 12 13 14 15 | 15.2
Evocations     | 3 6 9 10 | 10.0
Throwing       | 3 4 5 8 11 12 | 12.0
Dodging        | 6 8 10 12 14 | 14.2

Action                   |  1- 3 |  4- 6 |  7- 9 | 10-12 | 13-15 | 16-18 | 19-21 || total
-------------------------+-------+-------+-------+-------+-------+-------+-------++-------
Melee: Spear             |   192 |    25 |       |       |       |       |       ||   217
       Halberd           |       |    38 |   314 |    42 |       |       |       ||   394
       Glaive            |       |       |       |   826 |  1305 |   801 |   227 ||  3159
       Tailslap          |       |       |       |    16 |    25 |    14 |       ||    55
       Trident           |       |       |       |       |       |     5 |       ||     5
Throw: Boomerang         |       |       |       |    10 |     1 |   174 |    94 ||   279
       Dart              |       |       |       |       |       |     4 |       ||     4
Invok: Berserk           |       |     3 |     6 |     8 |     7 |     3 |     2 ||    29
       Trog's Hand       |       |     1 |     3 |     6 |     4 |     9 |     3 ||    26
       Brothers in Arms  |       |       |       |     1 |     2 |     3 |     4 ||    10
Evoke: Wand              |       |       |       |       |     1 |     1 |     1 ||     3
       Piece from Xom's  |       |       |       |       |     3 |       |       ||     3
       Lightning rod     |       |       |       |       |       |       |     3 ||     3
       Phial of floods   |       |       |       |       |       |       |     1 ||     1
  Use: Potion            |       |       |     2 |       |     1 |       |     5 ||     8
       Scroll            |       |       |    13 |     8 |    10 |     2 |     6 ||    39
 Stab: Distracted        |       |       |       |       |     1 |    15 |     2 ||    18
Armor: Leather armour    |     8 |       |       |       |       |       |       ||     8
       Ring mail         |    13 |       |       |       |       |       |       ||    13
       Plate armour      |    51 |    11 |       |       |       |       |       ||    62
       Chain mail        |       |     7 |   117 |    97 |       |       |       ||   221
       Skin              |       |     1 |       |       |       |       |       ||     1
       Crystal plate arm |       |       |       |   415 |   864 |   448 |   215 ||  1942
Dodge: Dodged            |    64 |    21 |    78 |   193 |   327 |   179 |    91 ||   953

Table legend: (Time is in decaauts)
 A = Elapsed time spent in this place.
 B = Non-inter-level travel time spent in this place.
 C = Inter-level travel time spent in this place.
 D = Time resting spent in this place.
 E = Time spent auto-exploring this place.
 F = Levels seen in this place.
 G = Mean time per level.
                   A        B        C        D        E       F      G
               +--------+--------+--------+--------+--------+-----+--------+
         Total |  39952 |  37953 |   1999 |   3453 |  27693 |  34 | 1175.1 |
       Dungeon |  16790 |  15942 |    848 |   1287 |  11820 |  15 | 1119.3 |
          Lair |   8944 |   8391 |    553 |     72 |   6896 |   6 | 1490.7 |
         Swamp |   3255 |   3098 |    157 |    447 |   2249 |   4 |  813.8 |
     Snake Pit |   7171 |   6870 |    301 |   1447 |   4325 |   4 | 1792.8 |
  Orcish Mines |   1892 |   1753 |    139 |    139 |   1280 |   2 |  946.0 |
        Bailey |    805 |    805 |      0 |     23 |    419 |   1 |  805.0 |
      Ice Cave |    625 |    625 |      0 |     36 |    410 |   1 |  625.0 |
       Volcano |    467 |    467 |      0 |      0 |    291 |   1 |  467.0 |
               +--------+--------+--------+--------+--------+-----+--------+

Top non-repeatable levels by time:
    D:14: 2436 daAuts
  Lair:6: 2367 daAuts
    D:10: 2173 daAuts
 Snake:4: 2132 daAuts
  Lair:3: 1861 daAuts
 Snake:1: 1809 daAuts
 Snake:3: 1684 daAuts
 Snake:2: 1545 daAuts
  Lair:4: 1502 daAuts
    D:11: 1455 daAuts
    D:15: 1341 daAuts
  Lair:5: 1266 daAuts
     D:5: 1148 daAuts
 Swamp:3: 1104 daAuts
     D:3: 1099 daAuts
